 Dungeon Crawl Stone Soup version 0.30-a0-879-ga8ba668304 (webtiles) character file.

Game seed: 17632330772524656631

25 Andrea the Magician (level 3, -1/25 HPs)
             Began as a Gnoll Hedge Wizard on Mar 13, 2023.
             Slain by an ufetubus (3 damage)
             ... on level 2 of the Dungeon.
             The game lasted 00:02:35 (1202 turns).

Andrea the Magician (Gnoll Hedge Wizard)            Turns: 1202, Time: 00:02:36

Health: -1/25      AC:  2    Str: 11    XL:     3   Next: 4%
Magic:  8/11       EV: 13    Int: 13    God:
Gold:   64         SH:  0    Dex: 11    Spells: 13/16 levels left

rFire   . . .      SeeInvis .    m - +2 dagger (venom)
rCold   . . .      Faith    .    (no shield)
rNeg    . . .      Spirit   .    b - +0 robe
rPois   .          Reflect  .    c - +0 hat
rElec   .          Rampage  .    (no cloak)
rCorr   .                        (no gloves)
Will    .....                    (no boots)
Stlth   ++                       (no amulet)
HPRegen 0.24/turn                (no ring)
MPRegen 0.12/turn                (no ring)

@: no status effects
A: fangs 1, strong nose, distributed training
a: no special abilities


You were on level 2 of the Dungeon.
You visited 1 branch of the dungeon, and saw 2 of its levels.

You collected 64 gold pieces.

Inventory:

Hand Weapons
 m - a +2 dagger of venom (weapon)
Missiles
 k - 3 poisoned darts
Armour
 b - a +0 robe (worn)
 c - a +0 hat (worn)
Scrolls
 f - a scroll of enchant armour {unknown}
 g - a scroll of identify {unknown}
 i - a scroll of teleportation {unknown}
 j - a scroll of acquirement {unknown}
Potions
 d - a potion of magic
 e - 2 potions of curing {unknown}
 h - a potion of heal wounds {unknown}
 l - a potion of brilliance {unknown}


   Skills:
 + Level 0.6 Fighting
 + Level 0.6 Short Blades
 + Level 0.6 Long Blades
 + Level 0.6 Axes
 + Level 0.6 Maces & Flails
 + Level 0.6 Polearms
 + Level 0.6 Staves
 + Level 0.6 Ranged Weapons
 + Level 0.6 Throwing
 + Level 0.6 Armour
 + Level 4.5 Dodging
 + Level 4.1 Stealth
 + Level 0.6 Shields
 + Level 0.6 Unarmed Combat
 + Level 7.1 Spellcasting
 + Level 2.1 Conjurations
 + Level 0.4 Hexes
 + Level 2.1 Summonings
 + Level 0.4 Necromancy
 + Level 2.1 Translocations
 + Level 0.4 Transmutations
 + Level 0.4 Fire Magic
 + Level 0.4 Ice Magic
 + Level 0.4 Air Magic
 + Level 0.4 Earth Magic
 + Level 0.4 Poison Magic
 + Level 0.8 Invocations
 + Level 0.6 Evocations


You had 13 spell levels left.
You knew the following spells:

 Your Spells              Type           Power      Damage    Failure   Level
a - Magic Dart            Conj           40%        1d5       6%          1
b - Call Imp              Summ           10%        N/A       10%         2

Your spell library contained the following spells:

 Spells                   Type           Power      Damage    Failure   Level
 Blink                    Tloc           20%        N/A       10%         2
 Slow                     Hex            20%        N/A       12%         1
 Cigotuvi's Dreadful Rot  Necr/Pois/Air  10%        N/A       19%         2
 Ensorcelled Hibernation  Hex/Ice        10%        N/A       19%         2
 Passwall                 Tmut/Erth      4%         N/A       19%         2
 Mephitic Cloud           Conj/Pois/Air  7%         N/A       30%         3
 Swiftness                Air            5%         N/A       36%         3


Dungeon Overview and Level Annotations

Branches:
Dungeon (2/15)

Altars:


Innate Abilities, Weirdness & Mutations

You have very sharp teeth.
Your uncanny sense of smell can sniff out nearby items.
Your experience applies equally to all skills.


Message History

Aiming: Magic Dart (safe; 6% risk of failure)
Press: ? - help, Shift-Dir - straight line, f/p - ufetubus
Aim: an ufetubus (100% to hit)
The magic dart hits the ufetubus.
The ufetubus is lightly wounded.
An endoplasm comes into view.
Casting: Magic Dart (safe; 6% risk of failure)
Confirm with . or Enter, or press ? or * to list all spells.
Aiming: Magic Dart (safe; 6% risk of failure)
Press: ? - help, Shift-Dir - straight line, f/p - ufetubus
Aim: an ufetubus (lightly wounded, 100% to hit)
The magic dart hits the ufetubus but does no damage.
The ufetubus is lightly wounded.
The endoplasm quivers.
The ufetubus hits you. The ufetubus barely misses you.
The ufetubus attacks as you move away! The ufetubus hits you. x2
The endoplasm jiggles.
The ufetubus attacks as you move away! The ufetubus misses you. x2
The ufetubus hits you. x2
Your magical contamination has completely faded away.
The ufetubus barely misses you. The ufetubus closely misses you.
Found 17 gold pieces.
The ufetubus hits you. The ufetubus closely misses you.
The ufetubus attacks as you move away! The ufetubus misses you.
The ufetubus hits you but does no damage.
You miss the ufetubus.
The ufetubus is lightly wounded.
The ufetubus closely misses you.
The ufetubus hits you but does no damage.
The ufetubus hits you. x2
* * * LOW HITPOINT WARNING * * *
You hit the ufetubus but do no damage.
The ufetubus is poisoned.
The ufetubus is lightly wounded.
The ufetubus hits you.
* * * LOW HITPOINT WARNING * * *
The ufetubus closely misses you. The ufetubus barely misses you.
The ufetubus hits you but does no damage.
The ufetubus attacks as you move away! The ufetubus hits you.
You die...

########.#
...>.....
##.)###.# ... #.#
.##.###.# #+#
........# #$#
∆......... #.#
#.#.##### #@#
#.....# #5#
##.##...
#.#########..##..#
#.J......(...##..#
###.............<#
#.J.........####
#...........'...
#...........####
#...........#


You could see an ufetubus (very poisoned) and an endoplasm.

Vanquished Creatures
  A dart slug (D:2)
  2 ball pythons (D:1)
  4 bats
  An endoplasm (D:2)
  2 goblins (D:1)
  3 hobgoblins
  2 kobolds (D:1)
  A quokka (D:1)
  5 rats (D:1)
21 creatures vanquished.

Notes
Turn   | Place    | Note
-------+----------+-------------------------------------------
     0 | D:1      | Andrea the Gnoll Hedge Wizard began the quest for the Orb.
     0 | D:1      | Reached XP level 1. HP: 13/13 MP: 8/8
   162 | D:1      | Reached XP level 2. HP: 19/19 MP: 3/10
   226 | D:1      | Learned a level 2 spell: Call Imp
   769 | D:1      | Found a faded altar of an unknown god.
  1127 | D:2      | Reached XP level 3. HP: 25/25 MP: 8/11
  1202 | D:2      | Slain by an ufetubus

Illustrated notes

Levels and vault maps discovered:
D:1:      minmay_arrival_open_corners, layout_basic,
          dilly_ecumenical_altar_fadedgnrine
D:2:      layout_basic, minmay_pentomino_q4

Skill      XL: |  1 |
---------------+----+-----
Conjurations   | 2 |  2.1
Summonings     | 2 |  2.1
Translocations | 2 |  2.1
Fighting       | |  0.6
Short Blades   | |  0.6
Long Blades    | |  0.6
Axes           | |  0.6
Maces & Flails | |  0.6
Polearms       | |  0.6
Staves         | |  0.6
Ranged Weapons | |  0.6
Throwing       | |  0.6
Armour         | |  0.6
Dodging        | |  4.5
Stealth        | |  4.1
Shields        | |  0.6
Unarmed Combat | |  0.6
Spellcasting   | |  7.1
Hexes          | |  0.4
Necromancy     | |  0.4
Transmutations | |  0.4
Fire Magic     | |  0.4
Ice Magic      | |  0.4
Air Magic      | |  0.4
Earth Magic    | |  0.4
Poison Magic   | |  0.4
Invocations    | |  0.8
Evocations     | |  0.6

Action                     || total
---------------------------++-------
  Melee: Dagger            ||     2
   Cast: Magic Dart        ||    55
 Armour: Robe              ||     4
  Dodge: Dodged            ||    16

Table legend: (Time is in decaauts)
 A = Elapsed time spent in this place.
 B = Non-inter-level travel time spent in this place.
 C = Inter-level travel time spent in this place.
 D = Time resting spent in this place.
 E = Time spent auto-exploring this place.
 F = Levels seen in this place.
 G = Mean time per level.
                   A        B        C        D        E       F      G
               +--------+--------+--------+--------+--------+-----+--------+
         Total |   1201 |   1184 |     17 |    339 |    707 |   2 |  600.5 |
       Dungeon |   1201 |   1184 |     17 |    339 |    707 |   2 |  600.5 |
               +--------+--------+--------+--------+--------+-----+--------+

Top non-repeatable levels by time:
     D:1: 984 daAuts
     D:2: 216 daAuts
